 Dungeon Crawl Stone Soup version 0.28.0-49-g6dfe1f597d (webtiles) character file.

Game seed: 4376811790479341529

2838 Dreadrock the Chopper (level 9, -5/127 HPs)
             Began as a Deep Dwarf Berserker on May 12, 2022.
             Was a Priest of Trog.
             Slain by a wyvern (6 damage)
             ... on level 9 of the Dungeon.
             The game lasted 00:37:47 (6050 turns).

Dreadrock the Chopper (Deep Dwarf Berserker)        Turns: 6050, Time: 00:37:47

Health: -5/127     AC: 15    Str: 25    XL:     9   Next: 46%
Magic:  0/0        EV: 11    Int:  8    God:    Trog [***...]
Gold:   336        SH:  5    Dex: 12    Spells: 8/8 levels left

rFire   . . .      SeeInvis .   y - +1 broad axe
rCold   + . .      Faith    .   k - +0 buckler
rNeg    . . .      Spirit   +   c - +0 scale mail
rPois   +          Reflect  .   (no helmet)
rElec   .          Harm     .   a - +1 cloak of Snakes and Ladders {rC+}
rCorr   .          Rampage  .   j - +2 pair of gloves
Will    +....                   e - +0 pair of boots
Stlth   ..........              g - amulet of guardian spirit
HPRegen 0.00/turn               x - ring of poison resistance
MPRegen 0.07/turn               (no ring)

@: berserking (expiring), very quick
A: damage resistance, heal wounds, sense surroundings 2, no regeneration
a: Heal Wounds, Renounce Religion, Berserk, Trog's Hand


You were on level 9 of the Dungeon.
You worshipped Trog.
Trog was most pleased with you.
You visited 1 branch of the dungeon, and saw 9 of its levels.

You collected 432 gold pieces.
You spent 96 gold pieces at shops.

Inventory:

Hand Weapons
 y - a +1 broad axe (weapon)
Armour
 a - the +1 cloak of Snakes and Ladders (worn) {rC+}
   (You acquired it on level 5 of the Dungeon)

   rC:        It protects you from cold.
 c - a +0 scale mail (worn)
 e - a +0 pair of boots (worn)
 j - a +2 pair of gloves (worn)
 k - a +0 buckler (worn)
Jewellery
 g - an amulet of guardian spirit (around neck)
 x - a ring of poison resistance (left hand)
Wands
 m - a wand of polymorph (18)
 s - a wand of mindburst (18)
 w - a wand of paralysis (22)
Scrolls
 b - a scroll of teleportation
 h - 2 scrolls of silence
Potions
 d - a potion of heal wounds
 f - a potion of resistance
 i - 3 potions of curing
 p - a potion of flight {unknown}
 q - 2 potions of haste {unknown}


   Skills:
 + Level 6.6 Fighting
 + Level 7.9 Axes
 + Level 7.4 Armour
 - Level 4.1 Dodging
 + Level 6.0 Shields


You had 8 spell levels left.
You didn't know any spells.
Your spell library was empty.

Dungeon Overview and Level Annotations

Branches:
Dungeon (9/15)             Temple (0/1) D:5            Lair (0/6) D:9
    Orc: D:9-12

Altars:
Nemelex Xobeh
Beogh

Shops:
D:3 =   D:5 (:=


Innate Abilities, Weirdness & Mutations

You are resistant to damage.
You can heal yourself by infusing magical energy.
You passively map the area around you.
You do not regenerate.


Message History

Found a masterwork spear.
The wyvern hisses menacingly.
The electric eel shoots out a bolt of lightning at you!
The bolt of electricity hits you! The wyvern misses you. x2
A red film seems to cover your vision as you go berserk!
You feel yourself moving faster!
You feel mighty!
You can no longer call in reinforcements.
The wyvern bites you but does no damage.
The electric eel shoots out a bolt of lightning at you!
The bolt of electricity hits you!
You completely miss the wyvern. The wyvern barely misses you.
The wyvern bites you.
* * * LOW HITPOINT WARNING * * *
You closely miss the wyvern.
The electric eel shoots out a bolt of lightning at you!
The bolt of electricity hits you.
* * * LOW HITPOINT WARNING * * *
The wyvern closely misses you.
You closely miss the wyvern.
The electric eel shoots out a bolt of lightning at you!
The bolt of electricity hits you!
* * * LOW HITPOINT WARNING * * *
The wyvern misses you.
You barely miss the wyvern. The wyvern misses you.
The electric eel shoots out a bolt of lightning at you!
The bolt of electricity hits you!
* * * LOW HITPOINT WARNING * * *
You closely miss the wyvern.
The wyvern bites you but does no damage.
The electric eel shoots out a bolt of lightning at you!
The bolt of electricity hits you!
* * * LOW HITPOINT WARNING * * *
You barely miss the wyvern. The wyvern closely misses you.
You closely miss the wyvern. The wyvern closely misses you.
The electric eel shoots out a bolt of lightning at you!
The bolt of electricity hits you!
* * * LOW HITPOINT WARNING * * *
The wyvern bites you!
You die...

, , , , , ,........#
,, , , , ,..........#
,, , , **, ,
..........# ,, ,, ≈
,≈.≈.≈.≈<≈.# ,> , ,,
* , .....≈....# , , ,
,, , ≈ ≈,≈.≈.≈.≈.≈.#
, , *, ,* ,
..........##########*
≈
≈.≈.≈.......@.......
, ,
..........#l...#.#.#
* , ≈...≈....<#)...#
,*, , , ,
.S.≈...≈.≈#....#, ,
≈...S.≈.≈.#...... ,,
, .≈.≈.!.≈.≈#......#
*
,......≈.≈.#......#*
* , ,
.≈.≈...≈.≈#....... ,
, , ##.##.##### , ,*
, ,


You could see a wyvern.

Vanquished Creatures
  Grum (D:8)
  A steam dragon (D:7)
  An ice beast (D:6)
  An orc warrior (D:6)
  2 sky beasts (D:7)
  4 ogres
  2 centaurs
  3 wolves (D:8)
  A phantom (D:5)
  A bullfrog (D:8)
  4 scorpions
  5 wights (D:6)
  4 bullfrog skeletons
  A jelly (D:7)
  An orc priest (D:8)
  4 hounds
  2 centaur skeletons
  3 iguanas
  6 orc wizards
  A killer bee zombie (D:7)
  A howler monkey zombie (D:7)
  5 adders
  4 gnolls (D:4)
  A shadow imp (D:7)
  11 worms
  2 dart slugs
  34 orcs
  4 ball pythons
  8 bats
  9 endoplasms
  2 giant cockroaches
  7 goblins
  8 hobgoblins
  16 jackals
  2 frilled lizards
  A kobold (D:1)
  3 rats
166 creatures vanquished.

Notes
Turn   | Place    | Note
-------+----------+-------------------------------------------
     0 | D:1      | Dreadrock the Deep Dwarf Berserker began the quest for the
                  | Orb.
     0 | D:1      | Reached XP level 1. HP: 20/20 MP: 1/1
    69 | D:1      | Found a faded altar of an unknown god.
   263 | D:1      | Reached XP level 2. HP: 24/27 MP: 2/2
   870 | D:2      | Reached XP level 3. HP: 31/34 MP: 0/2
  1105 | D:2      | Reached ** piety under Trog
  1441 | D:3      | Reached XP level 4. HP: 30/42 MP: 0/3
  1498 | D:3      | Identified the +9 scale mail of Syndicalism {rPois}
  1507 | D:3      | Found Tytwifuc's Jewellery Boutique.
  2103 | D:4      | Noticed an ogre
  2112 | D:4      | Killed an ogre
  2113 | D:4      | Reached XP level 5. HP: 49/49 MP: 0/4
  2229 | D:4      | Noticed an ogre
  2242 | D:4      | Reached XP level 6. HP: 49/57 MP: 0/5
  2332 | D:4      | Found a glowing drain.
  2663 | D:4      | Reached skill level 5 in Axes
  2663 | D:4      | Reached skill level 1 in Shields
  2877 | D:4      | Found a sparkling altar of Nemelex Xobeh.
  3209 | D:5      | Entered Level 5 of the Dungeon
  3209 | D:5      | Found Zihuoteo's Jewellery Shoppe.
  3233 | D:5      | Reached XP level 7. HP: 49/66 MP: 0/5
  3327 | D:5      | Found a staircase to the Ecumenical Temple.
  3381 | D:5      | Found Xebbunebb's Antique Weapon Boutique.
  3559 | D:5      | Found Apanawy's Book Shoppe.
  3666 | D:5      | Reached skill level 5 in Armour
  3786 | D:5      | Bought a broad axe for 96 gold pieces
  3822 | D:5      | Identified a scroll of acquirement
  3822 | D:5      | Acquired the +1 cloak of Snakes and Ladders {rC+}
  3912 | D:6      | Reached *** piety under Trog
  3923 | D:6      | Reached skill level 5 in Fighting
  3923 | D:6      | Reached XP level 8. HP: 28/74 MP: 0/6
  4754 | D:7      | Reached skill level 5 in Shields
  4847 | D:7      | Gained mutation: You passively map the area around you.
                  | [Deep Dwarf growth]
  4847 | D:7      | Reached XP level 9. HP: 45/82 MP: 0/3
  5189 | D:8      | Noticed Grum
  5319 | D:8      | Killed Grum
  5730 | D:8      | Found a runed translucent door.
  5851 | D:8      | Reached **** piety under Trog
  6049 | D:9      | HP: 1/127 [electric eel/bolt of electricity (6)]
  6050 | D:9      | Slain by a wyvern

Illustrated notes

Levels and vault maps discovered:
D:1:      dpeg_arrival_yet_another_circle, layout_basic,
          hellmonk_ecumenical_altar_run_dry
D:2:      layout_basic
D:3:      layout_rooms, serial_shops, shop
D:4:      layout_loops_corners, nemelex_spade_bored_becter,
          cheibrodos_sewer_entry_sluice
D:5:      layout_rooms, minmay_temple_entry_mist, serial_shops,
          nicolae_shop_hallway_stairs, nicolae_shop_hallway_stairs,
          nicolae_shop_crystal, nicolae_wormholes
D:6:      layout_rooms
D:7:      layout_rooms
D:8:      layout_rooms, lightli_church_of_beogh, uniq_grum
D:9:      layout_basic, david_lair_shrubbed, uniq_erica

Skill      XL: |  1  2  3  4  5  6  7  8  9 |
---------------+----------------------------+-----
Fighting       | 3 4 5 6 |  6.6
Dodging        | 3 4 |  4.1
Armour         | 3 4 5 6 7 |  7.4
Axes           | 4 5 6 7 |  7.9
Shields        | 1 3 5 6 |  6.0

Action                   |  1- 3 |  4- 6 |  7- 9 || total
-------------------------+-------+-------+-------++-------
Melee: Hand axe          |   103 |   201 |    61 ||   365
       Punch             |     6 |     3 |     6 ||    15
       Broad axe         |       |       |   243 ||   243
Invok: Trog's Hand       |       |     3 |       ||     3
       Berserk           |       |     2 |     9 ||    11
 Abil: Heal Wounds       |     1 |     3 |    20 ||    24
  Use: Scroll            |       |     3 |    13 ||    16
Armor: Scale mail        |    67 |    76 |   138 ||   281
Dodge: Dodged            |    64 |   127 |   194 ||   385
